 Dungeon Crawl Stone Soup version 0.30.0-29-ga12c61a403 (webtiles) character file.

Game seed: 7242018166100570379

509 7w4c the Ducker (level 7, -1/53 HPs)
             Began as a Human Wanderer on June 19, 2023.
             Was a Follower of Qazlal.
             Succumbed to a killer bee's poison
             ... on level 5 of the Dungeon.
             The game lasted 00:14:29 (3606 turns).

7w4c the Ducker (Human Wanderer)                    Turns: 3606, Time: 00:14:30

Health: -1/53      AC: 15    Str: 12    XL:     7   Next: 42%
Magic:  2/10       EV:  4    Int: 13    God:    Qazlal [*.....]
Gold:   282        SH:  1    Dex: 14    Spells: 10/10 levels left

rFire   . . .        g - +0 short sword (venom)
rCold   . . .        (no shield)
rNeg    . . .        o - +0 plate armour
rPois   .            i - +0 helmet
rElec   .            n - scarf {repulsion}
rCorr   .            (no gloves)
SInv    .            f - +2 pair of boots
Will    .....        m - amulet of guardian spirit Stlth
                     (no ring)
HPRegen 0.28/turn    (no ring)
MPRegen 0.12/turn

%: repel missiles, guardian spirit
@: lethally poisoned (-1 -> -8), about to teleport
A: no striking features
a: Renounce Religion


You were on level 5 of the Dungeon.
You worshipped Qazlal.
Qazlal was aware of your devotion.
You visited 1 branch of the dungeon, and saw 5 of its levels.

You collected 282 gold pieces.

Inventory:

Hand Weapons
 g - a +0 short sword of venom (weapon)
Armour
 f - a +2 pair of boots (worn)
 i - a +0 helmet (worn)
 n - a scarf of repulsion (worn)
 o - a +0 plate armour (worn)
Jewellery
 m - an amulet of guardian spirit (around neck)
Wands
 d - a wand of flame (17)
 q - a wand of polymorph (7)
Scrolls
 a - a scroll of vulnerability
 h - a scroll of identify
 l - a scroll of amnesia
 t - a scroll of magic mapping {unknown}
Potions
 b - a potion of invisibility {unknown}
 e - a potion of haste
 j - a potion of ambrosia
 k - a potion of mutation {unknown}
 p - a potion of attraction {unknown}
 r - a potion of cancellation {unknown}
 u - a potion of lignification {unknown}


   Skills:
 + Level 3.6 Fighting
 + Level 4.1 Short Blades
 + Level 1.0 Throwing
 + Level 3.0 Armour
 + Level 4.5 Dodging
 + Level 0.4 Stealth
 + Level 0.3 Shields
 + Level 2.0 Spellcasting
 + Level 2.0 Invocations


You had 10 spell levels left.
You didn't know any spells.
Your spell library contained the following spells:

 Spells                   Type           Power      Damage    Failure   Level
 Necrotise                Necr           4%         1d4       100%        1
 Ignite Poison            Fire/Tmut/Pois 1%         N/A       100%        3
 Vampiric Draining        Necr           1%         2d6       100%        3
 Sticky Flame             Conj/Fire      1%         2d3       100%        4
 Agony                    Necr           1%         N/A       100%        5
 Ignition                 Fire           0%         3d3       100%        8


Dungeon Overview and Level Annotations

Branches:
Dungeon (5/15)             Temple (0/1) D:5

Altars:
Ashenzari
Qazlal


Message History

The killer bee poisons you!
The killer bee stings you but does no damage.
A killer bee comes into view.
You barely miss the killer bee.
You feel sick. The killer bee stings you.
The gnoll hits you but does no damage.
You closely miss the killer bee.
You feel sick.
The killer bee stings you but does no damage. x2
The gnoll barely misses you.
You closely miss the killer bee.
You feel sick.
The killer bee stings you but does no damage.
The killer bee stings you.
* * * LOW HITPOINT WARNING * * *
You are lethally poisoned!
The killer bee poisons you!
The killer bee stings you but does no damage.
As you read the scroll of teleportation, it crumbles to dust.
You feel strangely unstable.
* * * LOW HITPOINT WARNING * * *
You feel very sick. You block the killer bee's attack.
The killer bee stings you but does no damage.
The killer bee completely misses you.
The killer bee stings you but does no damage.
The gnoll hits you but does no damage.
The killer bee stings you but does no damage.
The killer bee stings you.
* * * LOW HITPOINT WARNING * * *
The killer bee stings you but does no damage. x2
The killer bee attacks as you move away!
The killer bee stings you but does no damage.
* * * LOW HITPOINT WARNING * * *
You feel very sick.
The killer bee stings you but does no damage.
The killer bee stings you!
* * * LOW HITPOINT WARNING * * *
The killer bee attacks as you move away!
The killer bee stings you but does no damage.
The killer bee attacks as you move away!
The killer bee stings you but does no damage.
You die...

######............# #
#.............# #
#####............#####
##...##...........##.##
##.....##..#............
#..yg.y.####...##....##)
#....#yyy.#
##.####..###. #.yy
##...# #.# ##.###.


#sy #)@.# ### ###... #. #...# #######... # #...# ###......... #...# #...######..
#...# #.### ##. #...# ##.# ### #...###..# #.. #...##..## ### #...#..## # You
could see 5 killer bees and a gnoll.

Vanquished Creatures
  A water moccasin (D:5)
  A phantom (D:4)
  A scorpion (D:5)
  Terence (D:3)
  2 iguanas
  Natasha (thrice) (D:3)
  An adder (D:2)
  3 gnolls (D:5)
  A worm (D:3)
  3 orcs
  8 ball pythons
  8 endoplasms
  5 giant cockroaches
  2 goblins (D:4)
  5 hobgoblins
  4 jackals (D:2)
  5 quokkas
  4 bats
  11 kobolds
  5 rats
74 creatures vanquished.

Notes
Turn   | Place    | Note
-------+----------+-------------------------------------------
     0 | D:1      | 7w4c the Human Wanderer began the quest for the Orb.
     0 | D:1      | 7w4c set off with the following items: a +1 short sword, a
                  | +2 leather armour, a scroll of blinking.
     0 | D:1      | Reached XP level 1. HP: 16/16 MP: 3/3
   223 | D:1      | Reached XP level 2. HP: 22/22 MP: 5/5
  1032 | D:2      | Reached XP level 3. HP: 22/27 MP: 6/6
  1189 | D:2      | Identified the +0 scale mail of Slovenliness {Harm rC-
                  | Slay+5 Stlth-}
  1347 | D:2      | Reached XP level 4. HP: 33/33 MP: 7/7
  1348 | D:2      | Found a stormy altar of Qazlal.
  1364 | D:2      | Became a worshipper of Qazlal Stormbringer
  1506 | D:3      | Noticed Natasha
  1516 | D:3      | Killed Natasha
  1533 | D:3      | Noticed Natasha
  1546 | D:3      | Killed Natasha
  1547 | D:3      | Reached XP level 5. HP: 17/39 MP: 8/8
  1703 | D:3      | Noticed Natasha
  1715 | D:3      | Killed Natasha
  1716 | D:3      | Reached skill level 1 in Armour
  1888 | D:3      | Noticed Terence
  1904 | D:3      | Killed Terence
  2419 | D:4      | Reached XP level 6. HP: 32/46 MP: 4/9
  2760 | D:4      | Reached * piety under Qazlal
  2881 | D:5      | Entered Level 5 of the Dungeon
  2943 | D:5      | Found a broken altar of Ashenzari.
  3060 | D:5      | Reached XP level 7. HP: 35/52 MP: 6/10
  3178 | D:5      | Found a staircase to the Ecumenical Temple.
  3276 | D:5      | Noticed a water moccasin
  3312 | D:5      | Killed a water moccasin
  3313 | D:5      | Reached skill level 1 in Throwing
  3605 | D:5      | HP: 1/53 [killer bee (3)]
  3606 | D:5      | Succumbed to a killer bee's poison

Illustrated notes

Levels and vault maps discovered:
D:1:      dpeg_arrival_snail, layout_basic, roderic_cross_of_infinity
D:2:      layout_rooms, basic_altar, minmay_hexomino_p4
D:3:      layout_rooms, uniq_terence, uniq_natasha
D:4:      layout_rooms
D:5:      layout_cave_pools, cheibrodos_ashenzari_chains,
          minmay_temple_entry_offerings, nrook_uturn

Skill      XL: |  1  2  3  4  5  6  7 |
---------------+----------------------+-----
Short Blades   | 2 3 4 |  4.1
Dodging        | 4 |  4.5
Armour         | 1 2 3 |  3.0
Fighting       | 3 |  3.6
Throwing       | 1 |  1.0
Stealth        | |  0.4
Shields        | |  0.3
Spellcasting   | |  2.0
Invocations    | |  2.0

Action                     |  1- 3 |  4- 6 |  7- 9 || total
---------------------------+-------+-------+-------++-------
  Melee: Short sword       |   144 |   182 |    39 ||   365
         Punch             |     1 |     3 |     1 ||     5
  Throw: Stone             |    11 |     9 |       ||    20
         Throwing net      |     2 |     5 |       ||     7
    Use: Scroll            |     3 |     5 |     2 ||    10
   Stab: Sleeping          |     1 |       |       ||     1
 Armour: Leather armour    |    51 |    37 |       ||    88
         Plate armour      |       |    42 |    40 ||    82
  Dodge: Dodged            |   109 |    61 |     6 ||   176
  Block: Other             |       |       |     4 ||     4
